 Dungeon Crawl Stone Soup version 0.28-a0-863-g8cecda6153 (webtiles) character file.

Game seed: 14441338424590951960

6312 frimble the Ruffian (level 10, -11/98 HPs)
             Began as a Troll Warper on Nov 18, 2021.
             Mangled by an orc warrior (16 damage)
             ... on level 10 of the Dungeon.
             The game lasted 00:14:26 (9014 turns).

frimble the Ruffian (Troll Warper)                  Turns: 9014, Time: 00:14:26

Health: -11/98     AC:  8    Str: 25    XL:     10   Next: 64%
Magic:  10/10      EV:  9    Int: 15    God:
Gold:   437        SH:  0    Dex:  9    Spells: 9/11 levels left

rFire   . . .      SeeInvis .     - Unarmed
rCold   . . .      Faith    .   (no shield)
rNeg    . . .      Spirit   .   E - +1 robe of the Turtledove {Str+4 Int-3 Stlth+}
rPois   .          Reflect  .   (helmet restricted)
rElec   .          Harm     .   D - +2 cloak
rCorr   .          Rampage  .   (gloves unavailable)
Will    .....                   (boots unavailable)
Stlth   ++........              m - amulet of the acrobat
HPRegen 1.26/turn               z - ring of flight
MPRegen 0.12/turn               v - +6 ring of intelligence

@: lethally poisoned (-11 -> -30), flying
A: large, unfitting armour, claws 3, regeneration 1, shaggy fur 1, tough skin 1
a: no special abilities


You were on level 10 of the Dungeon.
You visited 1 branch of the dungeon, and saw 10 of its levels.
You also visited: Sewer.

You collected 437 gold pieces.

Inventory:

Missiles
 c - 5 boomerangs of dispersal (quivered)
 l - a throwing net
Armour
 q - a +1 kite shield
 D - a +2 cloak (worn)
 E - the +1 robe of the Turtledove (worn) {Str+4 Int-3 Stlth+}
   (You found it on level 8 of the Dungeon)

   Str:       It affects your strength (+4).
   Int:       It affects your intelligence (-3).
   Stlth:     It makes you more stealthy.
Jewellery
 m - an amulet of the acrobat (around neck)
 v - a +6 ring of intelligence (right claw)
 z - a ring of flight (left claw)
Wands
 a - a wand of digging (4)
 x - a wand of polymorph (7)
 y - a wand of paralysis (3)
 C - a wand of iceblast (13)
Scrolls
 b - 2 scrolls of blinking
 j - a scroll of fear
 n - 3 scrolls of fog
 t - 4 scrolls of teleportation
 w - 2 scrolls of enchant weapon
 B - a scroll of identify
 F - 2 scrolls of enchant armour
 G - a scroll of magic mapping
Potions
 d - 2 potions of mutation
 e - a potion of flight
 f - 5 potions of degeneration
 g - 2 potions of might
 h - 4 potions of magic
 i - 2 potions of brilliance {unknown}
 k - 3 potions of haste {unknown}
 o - 2 potions of lignification {unknown}
 p - a potion of ambrosia {unknown}
 r - a potion of invisibility {unknown}
 s - 3 potions of heal wounds {unknown}
 u - a potion of cancellation
 A - a potion of curing {unknown}


   Skills:
 - Level 6.0 Fighting
 - Level 4.1 Throwing
 - Level 1.9 Dodging
 + Level 6.0 Shields
 - Level 7.0 Unarmed Combat
 - Level 1.2 Spellcasting
 - Level 6.6 Translocations
 + Level 4.0 Evocations


You had 9 spell levels left.
You knew the following spells:

 Your Spells              Type           Power      Damage    Failure   Level
a - Blink                 Tloc           40%        N/A       2%          2

Your spell library contained the following spells:

 Spells                   Type           Power      Damage    Failure   Level
 Gell's Gravitas          Tloc           20%        N/A       4%          3
 Lesser Beckoning         Tloc           20%        N/A       4%          3
 Teleport Other           Tloc           20%        N/A       4%          3
 Slow                     Hex            0%         N/A       24%         1
 Manifold Assault         Tloc           20%        N/A       41%         5
 Confusing Touch          Hex            0%         N/A       58%         3
 Ozocubu's Armour         Ice            0%         N/A       58%         3
 Vampiric Draining        Necr           0%         2d6       58%         3
 Animate Dead             Necr           0%         N/A       94%         4
 Haunt                    Necr/Summ      0%         N/A       100%        7
 Ozocubu's Refrigeration  Ice            0%         4d5       100%        7
 Infestation              Necr           0%         N/A       100%        8


Dungeon Overview and Level Annotations

Branches:
Dungeon (10/15)            Temple (0/1) D:5             Orc (0/2) D:10
  Sewer (visited)
   Lair: D:8-11

Altars:
Dithmenos
Elyvilon
Fedhas
Nemelex Xobeh
Ru
Xom
Yredelemnul
Zin
The Shining One

Shops:
D:2 =

Annotations:
D:9 1 runed translucent door, croobank's ghost, novice DrEE
D:10 croobank's ghost, novice DrEE


Innate Abilities, Weirdness & Mutations

You are too large for most types of armour.
You have claws for hands.
Your natural rate of healing is unusually fast.
You are covered in fur. (AC +1)
You have tough skin. (AC +1)


Message History

You claw the orc warrior!
The orc warrior is heavily wounded.
The orc warrior hits you with a +1 glaive of venom!
You are poisoned.
The orc priest shouts!
You barely miss the orc warrior.
The orc warrior is heavily wounded.
You feel very sick.
The orc warrior hits you with a +1 glaive of venom!
You are more poisoned.
You scratch the orc warrior but do no damage.
The orc warrior is heavily wounded.
You feel extremely sick.
The orc warrior hits you with a +1 glaive of venom!
You barely miss the orc warrior.
The orc warrior is heavily wounded.
You feel very sick.
The orc priest hits you but does no damage.
The orc warrior hits you with a +1 glaive of venom!
You feel very sick. The orc warrior completely misses you.
You feel very sick.
The orc priest casts a cantrip, but nothing happens.
You claw the orc!
You kill the orc!
You feel very sick.
The orc priest calls upon Beogh to heal the orc warrior.
The orc warrior is healed somewhat.
The orc warrior hits you from afar with a +1 glaive of venom!
* * * LOW HITPOINT WARNING * * *
You are lethally poisoned!
Okay, then.
It was a potion of magic.
Magic courses through your body.
* * * LOW HITPOINT WARNING * * *
You feel extremely sick.
The orc priest mumbles some strange prayers to Beogh against you.
Beogh smites you!
* * * LOW HITPOINT WARNING * * *
The orc warrior hits you from afar with a +1 glaive of venom!
You die...

#### ....#######
..........#####
.............#
###.........######
#..)@..........#
##o####........#
#..o....#........#
#.......+........####
#.......#...........#
#.......#...........#
+.......#....#####..#
#.......#....# #..#
#########....# #..#


You could see an orc warrior and an orc priest.

Vanquished Creatures
  A two-headed ogre (D:9)
  A rime drake (D:9)
  A kobold demonologist (D:6)
  A wraith (D:9)
  5 yaks (D:9)
  A wyvern (D:9)
  A warg (D:10)
  3 water moccasins
  3 black bears
  2 orc warriors (D:8)
  An ice beast (D:7)
  3 ogres
  A sky beast (D:5)
  2 necrophages (D:5)
  2 centaurs
  A phantom (D:5)
  A kobold brigand (D:8)
  2 wyvern zombies
  3 gnoll sergeants
  5 bullfrogs
  3 scorpions (D:5)
  2 wyvern skeletons
  3 water moccasin skeletons (D:4)
  2 howler monkeys (D:6)
  2 centaur zombies
  2 jellies
  A human zombie (D:5)
  4 bullfrog zombies (D:5)
  3 hounds
  A centaur skeleton (D:6)
  4 orc priests
  2 bullfrog skeletons
  3 iguanas (D:4)
  7 orc wizards
  A hound zombie (D:5)
  A mummy (D:5)
  2 howler monkey zombies
  21 gnolls
  7 adders
  2 shadow imps
  2 white imps
  An adder zombie (D:5)
  3 worms
  38 orcs
  4 ball pythons
  4 endoplasms
  2 giant cockroaches (D:2)
  8 goblins
  5 hobgoblins
  8 jackals (Sewer)
  3 quokkas
  2 bats
  6 frilled lizards
  12 kobolds
  3 rats
  2 bushes (D:5)
216 creatures vanquished.

Vanquished Creatures (others)
  5 fungi (D:6)
  17 plants (Sewer)
22 creatures vanquished.

Grand Total: 238 creatures vanquished

Notes
Turn   | Place    | Note
-------+----------+-------------------------------------------
     0 | D:1      | frimble the Troll Warper began the quest for the Orb.
     0 | D:1      | Reached XP level 1. HP: 19/19 MP: 1/1
   141 | D:1      | Reached skill level 1 in Throwing
   207 | D:1      | Reached XP level 2. HP: 28/28 MP: 2/2
   718 | D:2      | Reached XP level 3. HP: 27/35 MP: 3/3
  1148 | D:2      | Found Buifafri's Jewellery Shoppe.
  1518 | D:3      | Reached XP level 4. HP: 34/44 MP: 4/4
  2010 | D:3      | Found a faded altar of an unknown god.
  2268 | D:4      | Noticed a black bear
  2279 | D:3      | Learned a level 2 spell: Blink
  2287 | D:3      | Reached skill level 3 in Unarmed Combat
  2354 | D:3      | Killed a black bear
  2355 | D:3      | Reached XP level 5. HP: 46/50 MP: 3/5
  2434 | D:3      | Reached XP level 6. HP: 48/59 MP: 6/6
  2679 | D:4      | Reached skill level 4 in Unarmed Combat
  2813 | D:4      | Reached XP level 7. HP: 43/67 MP: 7/7
  3017 | D:4      | Found a blossoming altar of Fedhas.
  3124 | D:5      | Entered Level 5 of the Dungeon
  3773 | D:5      | Reached XP level 8. HP: 78/78 MP: 8/8
  3773 | D:5      | Found a basalt altar of Yredelemnul.
  3780 | D:5      | Reached skill level 5 in Unarmed Combat
  4077 | D:5      | Found a staircase to the Ecumenical Temple.
  4418 | D:5      | Found a glowing golden altar of the Shining One.
  4504 | D:5      | Reached skill level 6 in Unarmed Combat
  4578 | D:6      | Reached skill level 5 in Fighting
  4597 | D:6      | Found a glowing drain.
  4602 | Sewer    | Entered a sewer
  4999 | Sewer    | Reached skill level 5 in Translocations
  5547 | D:6      | Found a glowing silver altar of Zin.
  5554 | D:6      | Reached XP level 9. HP: 82/88 MP: 9/9
  5602 | D:6      | Noticed a kobold demonologist
  5614 | D:6      | Killed a kobold demonologist
  5991 | D:7      | Reached skill level 7 in Unarmed Combat
  6012 | D:7      | Reached skill level 1 in Shields
  6796 | D:7      | Noticed Maggie
  6798 | D:7      | Noticed Maggie
  6798 | D:7      | Maggie changed into Maggie the black bear
  6806 | D:7      | Killed Maggie the black bear
  6808 | D:7      | Found a sacrificial altar of Ru.
  7010 | D:7      | Found a shadowy altar of Dithmenos.
  7026 | D:7      | Found a shimmering altar of Xom.
  7748 | D:8      | Reached skill level 1 in Evocations
  7748 | D:8      | Reached XP level 10. HP: 73/98 MP: 10/10
  7807 | D:8      | Noticed Maurice
  7808 | D:8      | Noticed Maurice
  7808 | D:8      | Maurice changed into Maurice the bullfrog
  7813 | D:8      | Killed Maurice the bullfrog
  7878 | D:8      | Identified the +1 robe of the Turtledove {Str+4 Int-3
                  | Stlth+}
  8177 | D:9      | Noticed a two-headed ogre
  8241 | D:9      | Killed a two-headed ogre
  8316 | D:9      | Reached skill level 5 in Shields
  8408 | D:9      | Found a sparkling altar of Nemelex Xobeh.
  8416 | D:9      | Found a white marble altar of Elyvilon.
  8567 | D:9      | Noticed Pikel
  8575 | D:9      | Noticed Pikel
  8575 | D:9      | Pikel changed into Pikel the wyvern
  8583 | D:9      | Killed Pikel the wyvern
  8735 | D:9      | Found a runed translucent door.
  8735 | D:9      | Noticed croobank's ghost (novice DrEE)
  8859 | D:10     | Entered Level 10 of the Dungeon
  8866 | D:10     | Found a staircase to the Orcish Mines.
  8918 | D:10     | Noticed croobank's ghost (novice DrEE)
  9014 | D:10     | Mangled by an orc warrior

Illustrated notes

Levels and vault maps discovered:
D:1:      wander_arrival_abandoned_jail, layout_basic
D:2:      layout_basic, serial_shops, shop, minmay_box_of_dots
D:3:      layout_basic, serial_curves, eino_curves_03, eino_curves_01,
          nicolae_ecumenical_lake_church, hangedman_decor_riveting,
          nicolae_figureground_sparkle
D:4:      layout_cave_pools, fedhas_altar_fruit_tree, nrook_mini_vaults
D:5:      layout_basic, lemuel_mausoleum_altar_yredelemnul,
          lemuel_coloured_pillars_altar, minmay_temple_entry_trees,
          minmay_hedge_maze, supply_closet_lemuel
D:6:      kennysheep_spiral_hall, layout_cave_pools,
          mainiacjoe_overflow_alcove_4, gup_sewer_entry_bowl,
          grunt_decor_arrowhead
D:7:      layout_gridville, mainiacjoe_overflow_brackets,
          mainiacjoe_overflow_large_starburst, uniq_maggie
D:8:      layout_basic, uniq_maurice
D:9:      layout_gridville, elyvilon_altar_4,
          mainiacjoe_overflow_surrounded_room, gammafunk_ghost_grave, uniq_pikel
D:10:     layout_irregular_city, chequers_temple_overflow_statue_of_worship,
          david_lair_shrubbed, david_orc_3, gammafunk_ghost_icy,
          serial_park_tiny_pond, uniq_fannar

Skill      XL: |  1  2  3  4  5  6  7  8  9 10 |
---------------+-------------------------------+-----
Throwing       | 1 2 3 4 |  4.1
Fighting       | 2 3 4 5 6 |  6.0
Unarmed Combat | 3 4 6 7 |  7.0
Translocations | 3 4 5 6 |  6.6
Shields        | 4 6 |  6.0
Evocations     | 1 4 |  4.0
Dodging        | |  1.9
Spellcasting   | |  1.2

Action                   |  1- 3 |  4- 6 |  7- 9 | 10-12 || total
-------------------------+-------+-------+-------+-------++-------
Melee: Unarmed           |    68 |    87 |   627 |   121 ||   903
       Punch             |       |     1 |    15 |     5 ||    21
 Cast: Blink             |       |     3 |     1 |     2 ||     6
Evoke: Wand              |       |       |     2 |     5 ||     7
  Use: Scroll            |       |     8 |     7 |     2 ||    17
       Potion            |       |       |       |     1 ||     1
 Stab: Paralysed         |       |       |       |     2 ||     2
       Sleeping          |       |       |       |     2 ||     2
Armor: Robe              |    26 |    14 |    98 |    19 ||   157
       Steam dragon scal |       |       |    21 |     4 ||    25
Dodge: Dodged            |    24 |    46 |   285 |    45 ||   400

Table legend: (Time is in decaauts)
 A = Elapsed time spent in this place.
 B = Non-inter-level travel time spent in this place.
 C = Inter-level travel time spent in this place.
 D = Time resting spent in this place.
 E = Time spent auto-exploring this place.
 F = Levels seen in this place.
 G = Mean time per level.
                   A        B        C        D        E       F      G
               +--------+--------+--------+--------+--------+-----+--------+
         Total |   9156 |   8740 |    416 |     18 |   6465 |  11 |  832.4 |
       Dungeon |   8188 |   7772 |    416 |     18 |   5875 |  10 |  818.8 |
         Sewer |    968 |    968 |      0 |      0 |    589 |   1 |  968.0 |
               +--------+--------+--------+--------+--------+-----+--------+

Top non-repeatable levels by time:
     D:5: 1402 daAuts
     D:7: 1004 daAuts
   Sewer: 968 daAuts
     D:3: 947 daAuts
     D:2: 888 daAuts
     D:6: 850 daAuts
     D:9: 786 daAuts
     D:4: 774 daAuts
     D:8: 772 daAuts
     D:1: 610 daAuts
    D:10: 150 daAuts
